 Dungeon Crawl Stone Soup version 0.27-a0-1081-ge8a0a9c698 (webtiles) character file.

Game seed: 1616330592311989708

460 gimp the Shield-Bearer (level 7, -3/54 HPs)
             Began as a Djinni Fighter on Apr 25, 2021.
             Slain by an ogre
             ... wielding a +0 giant club
              (29 damage)
             ... on level 5 of the Dungeon.
             The game lasted 00:08:35 (6481 turns).

gimp the Shield-Bearer (Djinni Fighter)             Turns: 6481, Time: 00:08:36

Health: -3/54      AC: 10    Str: 17    XL:     7   Next: 7%
Gold:   332        EV:  5    Int: 10    God:
                   SH:  9    Dex: 12

rFire    + + +     SeeInvis .   a - +1 war axe
rCold    . . .     Faith    .   c - +0 kite shield
rNeg     . . .     Spirit   .   e - +0 chain mail
rPois    ∞         Reflect  .   l - +0 helmet
rElec    .         Harm     .   m - scarf {rC+ rF+}
rCorr    .         Rampage  .   (no gloves)
Will     .....                  (boots unavailable)
Stlth    ..........             (no amulet)
HPRegen  0.18/turn              (no ring)
MPRegen  0.00/turn              (no ring)

@: flying
A: fire resistance 2, cold vulnerability 1, float, innate caster, hp casting,
extra vitality 1
a: no special abilities


You were on level 5 of the Dungeon.
You visited 1 branch of the dungeon, and saw 5 of its levels.

You collected 332 gold pieces.

Inventory:

Hand Weapons
 a - a +1 war axe (weapon)
 f - a +0 dagger of venom
Missiles
 g - 12 poisoned darts (quivered)
Armour
 c - a +0 kite shield (worn)
 e - a +0 chain mail (worn)
 l - a +0 helmet (worn)
 m - a scarf of resistance (worn)
Jewellery
 k - a ring of flight
Wands
 b - a wand of flame (18)
 n - a wand of mindburst (10)
 q - a wand of acid (6)
Scrolls
 i - a scroll of teleportation
 j - a scroll of blinking
Potions
 d - 4 potions of might
 h - a potion of invisibility
 o - a potion of lignification {unknown}


   Skills:
 - Level 5.0 Fighting
 * Level 3.2 Axes
 + Level 3.8 Armour
 - Level 5.0 Shields


You couldn't memorise any spells.
You knew the following spells:

 Your Spells              Type           Power      Damage    Failure   Level
a - Sandblast             Erth           0%         2d4       100%        1
b - Wereblood             Tmut           0%         N/A       100%        2
c - Teleport Other        Tloc           0%         N/A       100%        3
Your spell library was empty.


Dungeon Overview and Level Annotations

Branches:
Dungeon (5/15)
 Temple: D:4-7

Altars:
Fedhas
Gozag
The Shining One


Innate Abilities, Weirdness & Mutations

You are immune to poison.
Your flesh is very heat resistant. (rF++)
You are vulnerable to cold. (rC-)
You float through the air rather than walking.
You learn spells naturally, not from books.
Your magical power is your life essence.
You have superior vitality. (+4 HP)


Message History

You block the bullfrog skeleton's attack.
You take 1 damage, and have 46/49 hp.
You slash the bullfrog skeleton!
You destroy the bullfrog skeleton!
You have reached level 7!
The power to cast Teleport Other wells up from within.
Spell assigned to 'c'.
You regained 5 hp, and now have 51/54 hp.
Found a ring mail.
Health restored: 54 You now have 303 gold pieces (gained 19).
You now have 316 gold pieces (gained 13).
g - 12 poisoned darts (gained 1)
Found a spear.
Found a hardcover book.
Found 23 arrows.
Found a stone staircase leading up.
Found a stone staircase leading down.
You see here 23 arrows.
You now have 332 gold pieces (gained 16).
Found a dagger.
An ogre comes into view. It is wielding a +0 giant club.
Found 21 bolts.
The ogre hits you with a +0 giant club!
You take 14 damage, and have 40/54 hp.
MASSIVE DAMAGE!!
You slash the ogre!
The ogre is moderately wounded.
You block the ogre's attack.
You hit the ogre but do no damage.
The ogre is moderately wounded.
The ogre hits you with a +0 giant club!!
You take 19 damage, and have 21/54 hp.
MASSIVE DAMAGE!!
You are too injured to fight recklessly!
You are too injured to fight recklessly!
You are too injured to fight recklessly!
Things that are here:
a +0 ring mail; a +0 club; the goblin skeleton of Ijyb The ogre hits you with a +0 giant club!!
Ouch! That really hurt!
You die...

.......#.........######## .#
...............### .#
...............############.#
#.....#.........#<.........#
#..............[#............#
#..###..........##...........#
.....##......................##
.....##......<.#O##...........###
........#......#@##........[.....
.....####.........#..........##..
.....# #......##.#.........###..
.....## ######........####.####..
......# #........###........
......########....!........##....
.......................##..##.#..
#####...........:.......#.###.#..
#.................#...#......


You could see an ogre.

Vanquished Creatures
  A necrophage (D:2)
  A bullfrog skeleton (D:5)
  A bullfrog zombie (D:3)
  A jelly (D:4)
  Terence (D:2)
  An orc wizard (D:2)
  Ijyb (D:5)
  A hound skeleton (D:5)
  Robin (D:3)
  9 adders
  3 worms (D:2)
  4 dart slugs
  7 orcs
  4 endoplasms
  A giant cockroach (D:3)
  15 goblins
  9 hobgoblins
  3 jackals (D:4)
  A quokka (D:2)
  6 ball pythons
  5 bats
  2 frilled lizards (D:3)
  9 kobolds
  A rat (D:2)
88 creatures vanquished.

Notes
Turn   | Place    | Note
-------+----------+-------------------------------------------
     0 | D:1      | gimp the Djinni Fighter began the quest for the Orb.
     0 | D:1      | Reached XP level 1. HP: 20/20 MP: 0/0
   446 | D:1      | Reached XP level 2. HP: 20/25 MP: 0/0
   448 | D:1      | Found a faded altar of an unknown god.
   755 | D:1      | You are sucked into a shaft and drop 1 floor!
   762 | D:2      | Reached XP level 3. HP: 27/30 MP: 0/0
   762 | D:2      | Learned a level 1 spell: Sandblast
  1710 | D:2      | Reached XP level 4. HP: 35/37 MP: 0/0
  2924 | D:3      | Noticed Robin
  3223 | D:2      | Reached XP level 5. HP: 32/42 MP: 0/0
  3223 | D:2      | Learned a level 2 spell: Wereblood
  3455 | D:3      | Noticed Terence
  3514 | D:3      | Found an opulent altar of Gozag.
  3530 | D:3      | Found a glowing golden altar of the Shining One.
  3543 | D:3      | Found a blossoming altar of Fedhas.
  3919 | D:2      | HP: 2/42 [Terence/+3 mace of holy wrath (8)]
  4213 | D:2      | Killed Terence
  4214 | D:2      | Reached skill level 5 in Fighting
  4214 | D:2      | Reached skill level 5 in Shields
  4516 | D:3      | Noticed a necrophage
  4522 | D:2      | Reached XP level 6. HP: 41/49 MP: 0/0
  4598 | D:2      | Killed a necrophage
  4772 | D:3      | Killed Robin
  5838 | D:5      | Entered Level 5 of the Dungeon
  5838 | D:5      | Noticed Ijyb
  5994 | D:5      | HP: 2/49 [disintegration (7)]
  5995 | D:5      | Killed Ijyb
  6343 | D:5      | Reached XP level 7. HP: 51/54 MP: 0/0
  6343 | D:5      | Learned a level 3 spell: Teleport Other
  6481 | D:5      | Slain by an ogre

Illustrated notes

Levels and vault maps discovered:
D:1:      onia_arrival_mini_maze_b, layout_basic, ebering_ecumenical_altar_mist,
          chequers_serial_rivers_small_b
D:2:      wad_river_or_something, layout_rooms, minmay_fractal_squares_gapless_5
D:3:      layout_rooms, minmay_overflow_temple_star_quad, uniq_robin,
          uniq_terence
D:4:      layout_gridville, minmay_strange_pillars
D:5:      layout_rooms, uniq_ijyb

Skill      XL: |  1  2  3  4  5  6 |
---------------+-------------------+-----
Fighting       | 4 5 |  5.0
Shields        | 4 5 |  5.0
Axes           | 3 |  3.2
Armour         | |  3.8

Action                   |  1- 3 |  4- 6 |  7- 9 || total
-------------------------+-------+-------+-------++-------
Melee: War axe           |    83 |   302 |     2 ||   387
Throw: Dart              |       |    19 |       ||    19
Evoke: Wand              |       |     2 |       ||     2
  Use: Scroll            |       |     9 |       ||     9
       Potion            |       |     1 |       ||     1
Armor: Scale mail        |    60 |   100 |       ||   160
       Chain mail        |       |    94 |       ||    94
Dodge: Dodged            |    35 |    92 |       ||   127
Block: Kite shield       |    50 |   197 |     1 ||   248

Table legend: (Time is in decaauts)
 A = Elapsed time spent in this place.
 B = Non-inter-level travel time spent in this place.
 C = Inter-level travel time spent in this place.
 D = Time resting spent in this place.
 E = Time spent auto-exploring this place.
 F = Levels seen in this place.
 G = Mean time per level.
                   A        B        C        D        E       F      G
               +--------+--------+--------+--------+--------+-----+--------+
         Total |   6740 |   6562 |    178 |    692 |   4460 |   5 | 1348.0 |
       Dungeon |   6740 |   6562 |    178 |    692 |   4460 |   5 | 1348.0 |
               +--------+--------+--------+--------+--------+-----+--------+

Top non-repeatable levels by time:
     D:2: 2895 daAuts
     D:1: 1836 daAuts
     D:4: 1138 daAuts
     D:3: 639 daAuts
     D:5: 230 daAuts
